TOP OF THE 1ST |
Randall HS Raiders batting - Pitching for Mountain Pointe HS : RHP Mike Barnett
|
Pitching: RHP Mike Barnett
|
|
Batting: RHB Phil Hacker
|
0-0: Ball 1-0: SINGLE (Line Drive, 8LS)
|
Batting: RHB Jake Reeves
|
0-0: Ball Phil Hacker steals 2nd base 1-0: Foul Ball, location: 2F 1-1: Swinging Strike 1-2: Ball 2-2: Ground out 5-3 (Groundball, 56S) Phil Hacker to third
|
Batting: RHB Alex Miller
|
0-0: Called Strike 0-1: Ball 1-1: Ball 2-1: SINGLE (Groundball, 5L) Phil Hacker scores
|
Batting: LHB John Roberts
|
0-0: Called Strike Pickoff Throw to First - Error! E1 Alex Miller to second 0-1: Ball 1-1: Swinging Strike 1-2: SINGLE (Groundball, 6M) Alex Miller to third Runner from 3rd tries for Home, SAFE, no throw or cutoff
|
Batting: LHB Jeff Stevens
|
0-0: Foul Ball, location: 2F 0-1: Ball 1-1: Ball 2-1: Swinging Strike 2-2: Foul Ball, location: 2F 2-2: Strikes out swinging
|
Batting: RHB Derek Hartman
|
0-0: Ball 1-0: Fly out, F9 (Flyball, 89M)
|
Top of the 1st over - 2 run(s), 3 hit(s), 1 error(s), 1 left on base; Randall HS 2 - Mountain Pointe HS 0 |
BOTTOM OF THE 1ST |
Mountain Pointe HS batting - Pitching for Randall HS Raiders : RHP Matt González
|
Pitching: RHP Matt González
|
|
Batting: RHB Charlie Pérez
|
0-0: Ball 1-0: Fly out, F8 (Flyball, 8RM)
|
Batting: RHB Harry Edwards
|
0-0: Ball 1-0: Foul Ball, location: 2F 1-1: Ball 2-1: SINGLE (Groundball, 6MD)
|
Batting: RHB Ben Wilson
|
0-0: Ball 1-0: Called Strike 1-1: Ball 2-1: Fly out, F9 (Flyball, 9LM)
|
Batting: RHB Marshall Gross
|
0-0: Swinging Strike 0-1: Ball 1-1: Ball 2-1: Ball 3-1: SINGLE (Groundball, 3L) Harry Edwards to second Runner from 2nd tries for 3rd, SAFE, throw made to third
|
Batting: LHB Rob Johnson
|
0-0: Foul Ball, location: 2F 0-1: Ball 1-1: Swinging Strike 1-2: Ball 2-2: Ball 3-2: Strikes out swinging
|
Bottom of the 1st over - 0 run(s), 2 hit(s), 0 error(s), 2 left on base; Randall HS 2 - Mountain Pointe HS 0 |
TOP OF THE 2ND |
Randall HS Raiders batting - Pitching for Mountain Pointe HS : RHP Mike Barnett
|
Batting: RHB Flynn Roberts
|
0-0: Swinging Strike 0-1: Hit by Pitch
|
Batting: LHB Luis Antonio Cortéz
|
0-0: Called Strike Flynn Roberts steals 2nd base 0-1: Swinging Strike 0-2: Ball 1-2: SINGLE (Flyball, 6MD) Flynn Roberts to third
|
Batting: RHB Stephen McNeely
|
0-0: Ball 1-0: Ball 2-0: SINGLE (Groundball, 56D) Flynn Roberts scores Luis Antonio Cortéz to second
|
Batting: RHB Phil Hacker
|
0-0: Ball 1-0: Swinging Strike 1-1: Called Strike 1-2: Strikes out swinging
|
Batting: RHB Jake Reeves
|
0-0: Ball 1-0: Ball 2-0: Called Strike 2-1: Ball 3-1: Base on Balls Luis Antonio Cortéz to third Stephen McNeely to second
|
Batting: RHB Alex Miller
|
0-0: Ball 1-0: SINGLE (Groundball, 4MD) (infield hit) Luis Antonio Cortéz scores Stephen McNeely to third Jake Reeves to second
|
Batting: LHB John Roberts
|
0-0: Foul Ball, location: 2F 0-1: Swinging Strike 0-2: Fly out, F8 (Flyball, 8LM) Runner from 3rd tags up, OUT at HOME
|
Top of the 2nd over - 2 run(s), 3 hit(s), 0 error(s), 2 left on base; Randall HS 4 - Mountain Pointe HS 0 |
BOTTOM OF THE 2ND |
Mountain Pointe HS batting - Pitching for Randall HS Raiders : RHP Matt González
|
Batting: RHB Ashton Murray
|
0-0: Called Strike 0-1: SINGLE (Groundball, 34D)
|
Batting: RHB Troy Legge
|
0-0: SINGLE (Line Drive, 7S) Ashton Murray to second
|
Batting: SHB Paul Campbell
|
0-0: Ball Wild Pitch! Ashton Murray to third Troy Legge to second 1-0: Swinging Strike 1-1: Called Strike 1-2: Ball 2-2: Ground out U3 (Groundball, 3L)
|
Batting: RHB Richard Bass
|
0-0: Ball 1-0: Foul Ball, location: 2F 1-1: Ball 2-1: Ball 3-1: Base on Balls
|
Batting: RHB Charlie Pérez
|
0-0: Ball 1-0: Foul Ball, location: 2F 1-1: Foul Ball, location: 2F 1-2: Grounds into double play, 6-4-3 (Groundball, 6)
|
Bottom of the 2nd over - 0 run(s), 2 hit(s), 0 error(s), 2 left on base; Randall HS 4 - Mountain Pointe HS 0 |
TOP OF THE 3RD |
Randall HS Raiders batting - Pitching for Mountain Pointe HS : RHP Mike Barnett
|
Batting: LHB Jeff Stevens
|
0-0: DOUBLE (Flyball, 89M)
|
Batting: RHB Derek Hartman
|
0-0: Ball 1-0: Ball 2-0: Ball 3-0: Called Strike 3-1: Fly out, F8 (Flyball, 8RM)
|
Batting: RHB Flynn Roberts
|
0-0: Called Strike 0-1: Ball 1-1: Swinging Strike 1-2: Strikes out swinging
|
Batting: LHB Luis Antonio Cortéz
|
0-0: Ball 1-0: Foul Ball, location: 2F 1-1: Swinging Strike 1-2: Foul Ball, location: 2F 1-2: Foul Ball, location: 2F 1-2: Reached on error, E6 (Groundball, 6M) Jeff Stevens to third
|
Batting: RHB Stephen McNeely
|
0-0: Foul Ball, location: 2F Balk! Jeff Stevens scores Luis Antonio Cortéz to second 0-1: Ball 1-1: Ground out 6-3 (Groundball, 6M)
|
Top of the 3rd over - 1 run(s), 1 hit(s), 1 error(s), 1 left on base; Randall HS 5 - Mountain Pointe HS 0 |
BOTTOM OF THE 3RD |
Mountain Pointe HS batting - Pitching for Randall HS Raiders : RHP Matt González
|
Batting: RHB Harry Edwards
|
0-0: SOLO HOME RUN (Flyball, 78XD), Distance : 425 ft
|
Batting: RHB Ben Wilson
|
0-0: Foul Ball, location: 2F 0-1: Ball 1-1: Ball 2-1: Foul Ball, location: 2F 2-2: Ball 3-2: Base on Balls
|
Batting: RHB Marshall Gross
|
0-0: Ball 1-0: SINGLE (Groundball, 5D) Ben Wilson to second
|
Batting: LHB Rob Johnson
|
0-0: 3-RUN HOME RUN (Flyball, 89XD), Distance : 423 ft
|
Batting: RHB Ashton Murray
|
0-0: Ball 1-0: Foul Ball, location: 2F 1-1: Ground out 5-3 (Groundball, 56)
|
Batting: RHB Troy Legge
|
0-0: SINGLE (Flyball, 8LM) - OUT at second base trying to stretch hit.
|
Batting: SHB Paul Campbell
|
0-0: Bunted foul 0-1: Ball 1-1: Ball 2-1: Foul Ball, location: 2F 2-2: Foul Ball, location: 2F 2-2: Ball 3-2: Base on Balls
|
Batting: RHB Richard Bass
|
0-0: Called Strike 0-1: Ball 1-1: Foul Ball, location: 2F 1-2: Fly out, F8 (Flyball, 8LD)
|
Bottom of the 3rd over - 4 run(s), 4 hit(s), 0 error(s), 1 left on base; Randall HS 5 - Mountain Pointe HS 4 |
TOP OF THE 4TH |
Randall HS Raiders batting - Pitching for Mountain Pointe HS : RHP Mike Barnett
|
Batting: RHB Phil Hacker
|
0-0: Bunt missed! 0-1: Ball 1-1: Foul Ball, location: 2F 1-2: Strikes out looking
|
Batting: RHB Jake Reeves
|
0-0: Ball 1-0: Foul Ball, location: 2F 1-1: Foul Ball, location: 2F 1-2: SINGLE (Groundball, 56D) (infield hit)
|
Batting: RHB Alex Miller
|
0-0: Called Strike 0-1: SINGLE (Line Drive, 8LS) Jake Reeves to second Runner from 2nd tries for 3rd, SAFE, throw made to third
|
Batting: LHB John Roberts
|
0-0: Ball Alex Miller steals 2nd base 1-0: Foul Ball, location: 2F 1-1: Foul Ball, location: 2F 1-2: Foul Ball, location: 2F 1-2: Ball 2-2: Fly out, F8 (Flyball, 89M)
|
Pitching: RHP Tim Pope
|
|
Batting: LHB Jeff Stevens
|
0-0: Ball 1-0: SINGLE (Line Drive, 9S) Jake Reeves scores Alex Miller to third Runner from 3rd tries for Home, SAFE, no throw or cutoff
|
Batting: RHB Derek Hartman
|
0-0: Ball 1-0: Ball Jeff Stevens steals 2nd base 2-0: Called Strike 2-1: Ground out 6-3 (Groundball, 6MS)
|
Top of the 4th over - 2 run(s), 3 hit(s), 0 error(s), 1 left on base; Randall HS 7 - Mountain Pointe HS 4 |
BOTTOM OF THE 4TH |
Mountain Pointe HS batting - Pitching for Randall HS Raiders : RHP Matt González
|
Batting: RHB Charlie Pérez
|
0-0: Ground out 5-3 (Groundball, 5)
|
Batting: RHB Harry Edwards
|
0-0: Ball 1-0: Ball 2-0: Fly out, F6 (Popup, 6M)
|
Batting: RHB Ben Wilson
|
0-0: Ball 1-0: SINGLE (Flyball, 7S)
|
Batting: RHB Marshall Gross
|
0-0: Fly out, F9 (Flyball, 89S)
|
Bottom of the 4th over - 0 run(s), 1 hit(s), 0 error(s), 1 left on base; Randall HS 7 - Mountain Pointe HS 4 |
TOP OF THE 5TH |
Randall HS Raiders batting - Pitching for Mountain Pointe HS : RHP Tim Pope
|
Batting: RHB Flynn Roberts
|
0-0: Ball 1-0: Bunt missed! 1-1: Fly out, F7 (Flyball, 78M)
|
Batting: LHB Luis Antonio Cortéz
|
0-0: Ball 1-0: Ball 2-0: Ball 3-0: Base on Balls
|
Batting: RHB Stephen McNeely
|
0-0: Called Strike 0-1: Ball 1-1: Ball 2-1: Foul Ball, location: 2F 2-2: Strikes out swinging Luis Antonio Cortéz is caught stealing 2nd base Batter strikes out.
|
Top of the 5th over - 0 run(s), 0 hit(s), 0 error(s), 0 left on base; Randall HS 7 - Mountain Pointe HS 4 |
TOP OF THE 6TH |
Randall HS Raiders batting - Pitching for Mountain Pointe HS : RHP Tim Pope
|
Batting: RHB Phil Hacker
|
0-0: Ball 1-0: Ground out 6-3 (Groundball, 6)
|
Batting: RHB Jake Reeves
|
0-0: Called Strike 0-1: Ball 1-1: Foul Ball, location: 2F 1-2: Ball 2-2: Ball 3-2: Foul Ball, location: 2F 3-2: Foul Ball, location: 2F 3-2: Base on Balls
|
Batting: RHB Alex Miller
|
0-0: Foul Ball, location: 2F 0-1: Ball 1-1: Ball 2-1: Called Strike 2-2: Ball 3-2: Base on Balls Jake Reeves to second
|
Batting: LHB John Roberts
|
0-0: Foul Ball, location: 2F 0-1: Ball 1-1: Foul Ball, location: 2F 1-2: SINGLE (Groundball, 34D) (infield hit) Jake Reeves to third Alex Miller to second
|
Batting: LHB Jeff Stevens
|
0-0: SINGLE (Groundball, 34D) Jake Reeves scores Alex Miller to third John Roberts to second Runner from 3rd tries for Home, SAFE, no throw or cutoff
|
Batting: RHB Derek Hartman
|
0-0: Ball 1-0: Called Strike 1-1: Foul Ball, location: 2F 1-2: Ball 2-2: Foul Ball, location: 2F 2-2: 3-RUN HOME RUN (Flyball, 78XD), Distance : 424 ft
|
Pitching: RHP Rob Rojas
|
|
Batting: RHB Flynn Roberts
|
0-0: Ball 1-0: Foul Ball, location: 2F 1-1: Ball 2-1: Ball 3-1: Base on Balls
|
Batting: LHB Luis Antonio Cortéz
|
0-0: Called Strike 0-1: Called Strike 0-2: Fly out, F7 (Flyball, 78M)
|
Batting: RHB Stephen McNeely
|
0-0: Ball 1-0: Fly out, F9 (Flyball, 9M)
|
Top of the 6th over - 5 run(s), 3 hit(s), 0 error(s), 1 left on base; Randall HS 12 - Mountain Pointe HS 5 |
BOTTOM OF THE 6TH |
Mountain Pointe HS batting - Pitching for Randall HS Raiders : RHP Lance Ramsey
|
Batting: RHB Ben Wilson
|
0-0: Fly out, F8 (Flyball, 8LM)
|
Batting: RHB Marshall Gross
|
0-0: Ball 1-0: Ball 2-0: Called Strike 2-1: Foul Ball, location: 2F 2-2: Foul Ball, location: 2F 2-2: SOLO HOME RUN (Flyball, 9LD), Distance : 358 ft
|
Batting: LHB Rob Johnson
|
0-0: Ball 1-0: Called Strike 1-1: Foul Ball, location: 2F 1-2: SINGLE (Groundball, 4MD)
|
Batting: RHB Ashton Murray
|
0-0: Called Strike 0-1: Called Strike 0-2: Ball 1-2: Ball 2-2: Fly out, F8 (Flyball, 8LS)
|
Batting: RHB Troy Legge
|
0-0: Ball 1-0: Called Strike 1-1: Swinging Strike 1-2: Strikes out swinging
|
Bottom of the 6th over - 1 run(s), 2 hit(s), 0 error(s), 1 left on base; Randall HS 12 - Mountain Pointe HS 6 |
TOP OF THE 7TH |
Randall HS Raiders batting - Pitching for Mountain Pointe HS : RHP Rob Rojas
|
Batting: RHB Phil Hacker
|
0-0: Foul Ball, location: 2F 0-1: Ball 1-1: Ball 2-1: Foul Ball, location: 2F 2-2: Ball Single, Error in OF, E8, batter to second base
|
Batting: RHB Jake Reeves
|
0-0: Ball 1-0: Fly out, F8 (Flyball, 8LM)
|
Batting: RHB Alex Miller
|
0-0: Ball 1-0: Foul Ball, location: 2F 1-1: Swinging Strike 1-2: Strikes out looking
|
Batting: LHB John Roberts
|
0-0: Ball 1-0: Called Strike 1-1: Ball 2-1: Swinging Strike 2-2: Ground out 3-1 (Groundball, 34)
|
Top of the 7th over - 0 run(s), 1 hit(s), 1 error(s), 1 left on base; Randall HS 12 - Mountain Pointe HS 6 |
BOTTOM OF THE 7TH |
Mountain Pointe HS batting - Pitching for Randall HS Raiders : RHP Lance Ramsey
|
Batting: SHB Paul Campbell
|
0-0: Ball 1-0: Bunt for hit - play at first, batter OUT! 1-3
|
Batting: RHB Richard Bass
|
0-0: Ball 1-0: Ball 2-0: SOLO HOME RUN (Flyball, 8LXD), Distance : 446 ft
|
Batting: RHB Charlie Pérez
|
0-0: Called Strike 0-1: Foul Ball, location: 2F 0-2: Ball 1-2: Fly out, F8 (Flyball, 8RM)
|
Pitching: LHP Joe Cunningham
|
|
Batting: RHB Harry Edwards
|
0-0: Swinging Strike 0-1: Foul Ball, location: 2F 0-2: DOUBLE (Line Drive, 89M)
|
Batting: RHB Ben Wilson
|
0-0: Ball 1-0: Ball 2-0: Ball 3-0: Base on Balls
|
Batting: RHB Marshall Gross
|
0-0: Ball 1-0: Ball 2-0: Swinging Strike 2-1: Ball 3-1: Base on Balls Harry Edwards to third Ben Wilson to second
|
Batting: LHB Rob Johnson
|
0-0: Called Strike 0-1: SINGLE (Groundball, 4MD) Harry Edwards scores Ben Wilson to third Marshall Gross to second Runner from 3rd tries for Home, throw and OUT!
|
Bottom of the 7th over - 2 run(s), 3 hit(s), 0 error(s), 2 left on base; Randall HS 12 - Mountain Pointe HS 8 |
TOP OF THE 8TH |
Randall HS Raiders batting - Pitching for Mountain Pointe HS : RHP Rob Rojas
|
Batting: LHB Jeff Stevens
|
0-0: Ball 1-0: Swinging Strike 1-1: Ball 2-1: Ball 3-1: Foul Ball, location: 2F 3-2: Foul Ball, location: 2F 3-2: Reached on error, E4 (Groundball, 4)
|
Batting: RHB Derek Hartman
|
0-0: Fly out, F7 (Flyball, 7M)
|
Pitching: LHP Ángel Ferrer
|
|
Batting: RHB Flynn Roberts
|
0-0: SINGLE (Groundball, 34D) Jeff Stevens to third
|
Batting: LHB Luis Antonio Cortéz
|
0-0: Ball 1-0: Ball 2-0: Ball 3-0: Called Strike 3-1: Fly out, F9 (Flyball, 89M) Runner from 3rd tags up, SCORES, no throw
|
Batting: RHB Stephen McNeely
|
0-0: Ball 1-0: Ball 2-0: Foul Ball, location: 2F 2-1: SINGLE (Flyball, 7LS) Flynn Roberts to second
|
Batting: RHB Phil Hacker
|
0-0: Ball 1-0: Ball 2-0: Ground out 6-3 (Groundball, 56)
|
Top of the 8th over - 1 run(s), 2 hit(s), 1 error(s), 2 left on base; Randall HS 13 - Mountain Pointe HS 8 |
BOTTOM OF THE 8TH |
Mountain Pointe HS batting - Pitching for Randall HS Raiders : LHP Joe Cunningham
|
Batting: RHB Ashton Murray
|
0-0: Called Strike 0-1: Swinging Strike 0-2: Ball 1-2: Foul Ball, location: 2F 1-2: Strikes out swinging
|
Batting: RHB Troy Legge
|
0-0: Ball 1-0: Ball 2-0: Ball 3-0: Called Strike 3-1: Base on Balls
|
Batting: SHB Paul Campbell
|
0-0: Ball 1-0: Ball 2-0: Ball 3-0: Fly out, F8 (Flyball, 8LM)
|
Batting: RHB Richard Bass
|
0-0: 2-RUN HOME RUN (Flyball, 78XD), Distance : 428 ft
|
Pitching: RHP Juan Ramírez
|
|
Batting: RHB Charlie Pérez
|
0-0: Called Strike 0-1: Ground out 5-3 (Groundball, 5S)
|
Bottom of the 8th over - 2 run(s), 1 hit(s), 0 error(s), 0 left on base; Randall HS 13 - Mountain Pointe HS 10 |
TOP OF THE 9TH |
Randall HS Raiders batting - Pitching for Mountain Pointe HS : LHP Ángel Ferrer
|
Batting: RHB Jake Reeves
|
0-0: Ball 1-0: Called Strike 1-1: SINGLE (Popup, 4MD)
|
Batting: RHB Alex Miller
|
0-0: Ball 1-0: Swinging Strike 1-1: Swinging Strike 1-2: Ball 2-2: Strikes out swinging
|
Batting: LHB John Roberts
|
0-0: Foul Ball, location: 2F 0-1: Ball 1-1: Ball 2-1: Foul Ball, location: 2F 2-2: Ball 3-2: Strikes out swinging
|
Batting: LHB Jeff Stevens
|
0-0: Called Strike 0-1: Ball Single, Error in OF, E9, batter to second base Jake Reeves to third
|
Batting: RHB Derek Hartman
|
0-0: Foul Ball, location: 2F 0-1: Called Strike 0-2: SINGLE (Line Drive, 56D) Jake Reeves scores Jeff Stevens to third Runner from 3rd tries for Home, SAFE, no throw or cutoff
|
Batting: RHB Flynn Roberts
|
0-0: Ball 1-0: Ball 2-0: Ball Wild Pitch! Derek Hartman to second 3-0: Called Strike 3-1: Base on Balls
|
Batting: LHB Luis Antonio Cortéz
|
0-0: Foul Ball, location: 2F 0-1: Ground out 4-3 (Groundball, 4)
|
Top of the 9th over - 2 run(s), 3 hit(s), 1 error(s), 2 left on base; Randall HS 15 - Mountain Pointe HS 10 |
BOTTOM OF THE 9TH |
Mountain Pointe HS batting - Pitching for Randall HS Raiders : RHP Juan Ramírez
|
Batting: RHB Harry Edwards
|
0-0: SINGLE (Line Drive, 5D)
|
Batting: RHB Ben Wilson
|
0-0: Foul Ball, location: 2F 0-1: Foul Ball, location: 2F 0-2: Strikes out swinging
|
Batting: RHB Marshall Gross
|
0-0: Swinging Strike 0-1: Foul Ball, location: 2F 0-2: Strikes out swinging
|
Batting: LHB Rob Johnson
|
0-0: Ball 1-0: Called Strike 1-1: Ball 2-1: Ball 3-1: Base on Balls Harry Edwards to second
|
Batting: RHB Ashton Murray
|
0-0: Fly out, F4 (Popup, 4MD)
|
Bottom of the 9th over - 0 run(s), 1 hit(s), 0 error(s), 2 left on base; Randall HS 15 - Mountain Pointe HS 10 |
|